 Dungeon Crawl Stone Soup version 0.29-a0-275-g389c0b56f3 (webtiles) character file.

Game seed: 17030470506556388750

1050 pokeman the Thaumaturge (level 8, -2/44 HPs)
             Began as a Deep Elf Hedge Wizard on Mar 9, 2022.
             Was an Initiate of Vehumet.
             Slain by an orc priest
             ... wielding a +0 flail
              (6 damage)
             ... on level 6 of the Dungeon.
             The game lasted 00:12:28 (6473 turns).

pokeman the Thaumaturge (Deep Elf Hedge Wizard)     Turns: 6473, Time: 00:12:28

Health: -2/44      AC:  3    Str:  7    XL:     8   Next: 5%
Magic:  3/22       EV: 12    Int: 22    God:    Vehumet [......]
Gold:   347        SH:  0    Dex: 20    Spells: 13/24 levels left

rFire   . . .      SeeInvis .   q - +1 morningstar (pain)
rCold   . . .      Faith    .   (no shield)
rNeg    . . .      Spirit   .   e - +0 leather armour
rPois   .          Reflect  .   c - +0 hat
rElec   .          Harm     .   (no cloak)
rCorr   .          Rampage  .   (no gloves)
Will    .....                   (no boots)
Stlth   ++........              k - amulet of the acrobat
HPRegen 0.14/turn               w - +6 ring of dexterity
MPRegen 0.18/turn               (no ring)

@: no status effects
A: no striking features
a: Renounce Religion


You were on level 6 of the Dungeon.
You worshipped Vehumet.
Vehumet was noncommittal.
You visited 2 branches of the dungeon, and saw 7 of its levels.

You collected 347 gold pieces.

Inventory:

Hand Weapons
 q - a +1 morningstar of pain (weapon)
Armour
 c - a +0 hat (worn)
 e - a +0 leather armour (worn)
 v - a +0 pair of gloves
Jewellery
 j - an amulet of faith
 k - an amulet of the acrobat (around neck)
 w - a +6 ring of dexterity (left hand)
Scrolls
 g - a scroll of teleportation {unknown}
 h - 2 scrolls of vulnerability {unknown}
 i - a scroll of acquirement {unknown}
 l - a scroll of fog {unknown}
 m - 3 scrolls of identify {unknown}
 p - a scroll of amnesia {unknown}
 r - a scroll of holy word {unknown}
Potions
 a - a potion of lignification {unknown}
 b - a potion of cancellation {unknown}
 d - a potion of magic
 f - a potion of heal wounds {unknown}
 n - 2 potions of brilliance {unknown}
 o - 2 potions of attraction {unknown}
 s - 2 potions of haste {unknown}
 t - 2 potions of mutation {unknown}
 u - a potion of curing {unknown}


   Skills:
 - Level 2.0 Fighting
 + Level 1.8 Armour
 - Level 3.0 Dodging
 - Level 3.3 Stealth
 * Level 8.9 Spellcasting
 + Level 4.5 Conjurations
 - Level 1.1 Summonings
 - Level 1.0 Necromancy
 - Level 1.1 Translocations
 + Level 3.2 Fire Magic
 - Level 1.1 Air Magic
 - Level 1.1 Poison Magic


You had 13 spell levels left.
You knew the following spells:

 Your Spells              Type           Power      Damage    Failure   Level
a - Magic Dart            Conj           100%       1d8       1%          1
b - Mephitic Cloud        Conj/Pois/Air  19%        N/A       12%         3
c - Call Imp              Summ           14%        N/A       10%         2
d - Blink                 Tloc           28%        N/A       10%         2
e - Conjure Flame         Conj/Fire      26%        6-21      6%          3

Your spell library contained the following spells:

 Spells                   Type           Power      Damage    Failure   Level
 Slow                     Hex            36%        N/A       10%         1
 Corpse Rot               Necr/Air       28%        N/A       10%         2
 Poisonous Vapours        Pois/Air       28%        N/A       10%         2
 Ozocubu's Armour         Ice            9%         N/A       30%         3
 Ozocubu's Refrigeration  Ice            4%         4d5       100%        7


Dungeon Overview and Level Annotations

Branches:
Dungeon (6/15)             Temple (1/1) D:5

Altars:
Cheibriados
Elyvilon
Hepliaklqana
Okawaru
Trog
Uskayaw
Vehumet
Zin

Portals:
Sewer: D:6


Message History

Vehumet accepts your kill.
The orc priest seems less confused.
Your crimson imp hits the giant cockroach but does no damage.
The giant cockroach bites you.
* * * LOW HITPOINT WARNING * * *
Unknown command.
You puncture the giant cockroach!
You kill the giant cockroach!
Vehumet accepts your kill.
The orc priest barely misses your crimson imp.
Unknown command.
What are your orders? t - Shout!
Orders for allies: a - Attack new target. r - Retreat! s - Stop attacking. g - Guard the area. f - Follow me.
Anything else - Cancel.
Gang up on whom?
Press: ? - help, Dir - move target, f - orc priest
Aim: an orc priest, wielding a +0 flail Attack!
Your crimson imp disappears in a puff of smoke!
The orc priest casts a cantrip, but nothing happens.
Unknown command.
Casting: Mephitic Cloud (dangerous; 12% risk of failure)
Confirm with . or Enter, or press ? or * to list all spells.
Aiming: Mephitic Cloud (dangerous; 12% risk of failure)
Press: ? - help, Shift-Dir - straight line, f/p - orc priest
Aim: an orc priest, wielding a +0 flail (chance to affect: 86%)
The ball explodes into a vile cloud!
The stinking cloud engulfs the orc priest but does no damage.
The stinking cloud engulfs the orc wizard but does no damage.
The orc priest is engulfed in noxious fumes.
The orc wizard is engulfed in noxious fumes.
The orc wizard appears confused.
Unknown command.
You sock the orc priest!
The orc priest is almost dead.
The orc priest hits you with a +0 flail.
You die...

.o..... #####.###
.Y..... #.......#
.......##.#.##..#
.......#........#
.....o.#.#####.##
.......<.#≈≈≈#.#
.........#≈≈≈#.#
#######.Y#≈∩≈#.#
#.l#≈≈≈#@#
#?s#≈≈≈#o#
#oo##'##o#
#.o.ooo°.#
#..o###### ###


You could see a sky beast, a scorpion, an iguana, 2 orc priests, 2 orc wizards
and 5 orcs.

Vanquished Creatures
  A water moccasin (D:5)
  A black bear (D:5)
  2 sky beasts
  A bullfrog (D:4)
  A scorpion (D:6)
  A necrophage (D:6)
  A hound (D:5)
  2 jellies (D:4)
  3 orc priests (D:5)
  3 orc wizards
  4 gnolls (D:3)
  6 adders
  A worm (D:5)
  4 dart slugs
  13 orcs
  6 ball pythons
  5 bats
  2 endoplasms (D:3)
  5 giant cockroaches
  5 goblins
  3 hobgoblins
  6 jackals
  7 kobolds
  3 quokkas
  3 frilled lizards
  5 rats
94 creatures vanquished.

Vanquished Creatures (collateral kills)
  An iguana (D:2)
1 creature vanquished.

Vanquished Creatures (others)
  An orc wizard (D:6)
1 creature vanquished.

Grand Total: 96 creatures vanquished

Notes
Turn   | Place    | Note
-------+----------+-------------------------------------------
     0 | D:1      | pokeman the Deep Elf Hedge Wizard began the quest for the
                  | Orb.
     0 | D:1      | Reached XP level 1. HP: 10/10 MP: 7/7
   624 | D:1      | Reached XP level 2. HP: 15/15 MP: 5/9
  1398 | D:2      | Reached skill level 5 in Spellcasting
  1598 | D:2      | Found a hide-covered altar of Uskayaw.
  1777 | D:2      | Reached XP level 3. HP: 20/20 MP: 6/11
  1781 | D:2      | Learned a level 3 spell: Mephitic Cloud
  1784 | D:2      | Learned a level 2 spell: Call Imp
  1787 | D:2      | Learned a level 2 spell: Blink
  1791 | D:2      | Learned a level 3 spell: Conjure Flame
  1935 | D:2      | Reached skill level 1 in Fighting
  1935 | D:2      | Reached skill level 1 in Armour
  2296 | D:2      | Reached XP level 4. HP: 25/25 MP: 10/13
  3082 | D:3      | Reached skill level 1 in Fire Magic
  3250 | D:3      | Found a glowing silver altar of Zin.
  3470 | D:3      | Reached skill level 6 in Spellcasting
  3470 | D:3      | Reached XP level 5. HP: 24/29 MP: 4/15
  3982 | D:4      | Reached skill level 1 in Air Magic
  4119 | D:4      | Noticed a sky beast
  4145 | D:4      | Killed a sky beast
  4146 | D:4      | Reached skill level 1 in Poison Magic
  4146 | D:4      | Reached XP level 6. HP: 34/34 MP: 2/17
  4525 | D:4      | Reached skill level 7 in Spellcasting
  5212 | D:5      | Entered Level 5 of the Dungeon
  5319 | D:5      | Noticed a water moccasin
  5330 | D:5      | Killed a water moccasin
  5331 | D:5      | Reached skill level 1 in Necromancy
  5331 | D:5      | Reached XP level 7. HP: 25/38 MP: 16/20
  5761 | D:5      | Reached skill level 8 in Spellcasting
  6115 | D:5      | Found a staircase to the Ecumenical Temple.
  6121 | Temple   | Entered the Ecumenical Temple
  6156 | Temple   | Became a worshipper of Vehumet
  6412 | D:6      | Found a glowing drain.
  6437 | D:6      | Reached XP level 8. HP: 42/44 MP: 11/22
  6473 | D:6      | Slain by an orc priest

Illustrated notes

Levels and vault maps discovered:
D:1:      dpeg_arrival_triangle_fractal, layout_loops_ring
D:2:      mumra_celtic_spiral_tile, layout_basic, basic_altar, minivault_23
D:3:      layout_basic, lemuel_tele_altar
D:4:      layout_loops_corners
D:5:      layout_rooms, temple_green
D:6:      layout_basic, gup_sewer_entry_glass, gammafunk_ghost_grave
Temple:   mainiacjoe_temple_bowtie_tessellation

Skill      XL: |  1  2  3  4  5  6  7 |
---------------+----------------------+-----
Spellcasting   | 5 6 7 8 |  8.9
Fighting       | 1 2 |  2.0
Armour         | 1 |  1.8
Conjurations   | 2 3 4 |  4.5
Fire Magic     | 1 3 |  3.2
Dodging        | 3 |  3.0
Air Magic      | 1 |  1.1
Stealth        | 3 |  3.3
Poison Magic   | 1 |  1.1
Necromancy     | 1 |  1.0
Summonings     | |  1.1
Translocations | |  1.1

Action                   |  1- 3 |  4- 6 |  7- 9 || total
-------------------------+-------+-------+-------++-------
Melee: Dagger            |     8 |    40 |       ||    48
       Morningstar       |       |     2 |    38 ||    40
       Hand axe          |       |     1 |       ||     1
 Cast: Magic Dart        |    66 |   139 |    34 ||   239
       Mephitic Cloud    |     1 |     2 |     9 ||    12
       Call Imp          |     1 |     2 |     3 ||     6
       Conjure Flame     |       |     3 |     6 ||     9
 Stab: Confused          |     2 |       |     6 ||     8
       Sleeping          |       |     1 |       ||     1
Armor: Leather armour    |     7 |    23 |     7 ||    37
Dodge: Dodged            |    17 |    49 |    25 ||    91

Table legend: (Time is in decaauts)
 A = Elapsed time spent in this place.
 B = Non-inter-level travel time spent in this place.
 C = Inter-level travel time spent in this place.
 D = Time resting spent in this place.
 E = Time spent auto-exploring this place.
 F = Levels seen in this place.
 G = Mean time per level.
                   A        B        C        D        E       F      G
               +--------+--------+--------+--------+--------+-----+--------+
         Total |   6493 |   6240 |    253 |     90 |   5272 |   7 |  927.6 |
       Dungeon |   6432 |   6203 |    229 |     90 |   5245 |   6 | 1072.0 |
        Temple |     60 |     36 |     24 |      0 |     27 |   1 |   60.0 |
               +--------+--------+--------+--------+--------+-----+--------+

Top non-repeatable levels by time:
     D:2: 1403 daAuts
     D:4: 1347 daAuts
     D:1: 1260 daAuts
     D:3: 1201 daAuts
     D:5: 1057 daAuts
     D:6: 163 daAuts
  Temple: 60 daAuts
